 Dungeon Crawl Stone Soup version 0.28-a0-43-g560ac104fe (webtiles) character file.

Game seed: 18367310505324103954

54 tilp the Skirmisher (level 3, 0/31 HPs)
             Began as a Demigod Fighter on July 28, 2021.
             Killed from afar by an orc wizard (5 damage)
             ... with a puff of flame
             ... on level 3 of the Dungeon.
             The game lasted 00:02:06 (1934 turns).

tilp the Skirmisher (Demigod Fighter)               Turns: 1934, Time: 00:02:07

Health: 0/31       AC:  6    Str: 17    XL:     3   Next: 44%
Magic:  5/5        EV:  7    Int: 10    God:
Gold:   43         SH:  9    Dex: 17    Spells: 2/2 levels left

rFire   . . .      SeeInvis .   a - +0 flail
rCold   . . .      Faith    .   c - +0 kite shield
rNeg    . . .      Spirit   .   b - +0 scale mail
rPois   .          Reflect  .   (no helmet)
rElec   .          Harm     .   (no cloak)
rCorr   .          Rampage  .   (no gloves)
Will    .....                   (no boots)
Stlth   +.........              (no amulet)
HPRegen 0.10/turn               (no ring)
MPRegen 0.09/turn               (no ring)

@: mighty
A: high mp 1, forlorn
a: no special abilities


You were on level 3 of the Dungeon.
You visited 1 branch of the dungeon, and saw 3 of its levels.

You collected 43 gold pieces.

Inventory:

Hand Weapons
 a - a +0 flail (weapon)
Missiles
 h - 5 boomerangs (quivered)
 k - 2 throwing nets {!f}
Armour
 b - a +0 scale mail (worn)
 c - a +0 kite shield (worn)
Scrolls
 i - a scroll of identify {unknown}
Potions
 d - a potion of might
 e - a potion of mutation {unknown}
 f - a potion of resistance {unknown}
 g - a potion of degeneration {unknown}


   Skills:
 + Level 3.0 Fighting
 * Level 2.7 Maces & Flails
 + Level 0.1 Throwing
 - Level 2.6 Armour
 + Level 0.1 Dodging
 + Level 1.2 Stealth
 + Level 3.0 Shields


You had 2 spell levels left.
You didn't know any spells.
Your spell library was empty.

Dungeon Overview and Level Annotations

Branches:
Dungeon (3/15)


Innate Abilities, Weirdness & Mutations

Your attributes grow dramatically as you level up.
You have an increased reservoir of magic. (+10% MP)
You shall have no god before yourself.


Message History

The orc wizard casts a spell.
The orc wizard flickers and vanishes!
Deactivating autopickup; reactivate with Ctrl-A.
You block the orc's attack.
You sock the orc!
You kill the orc!
You hear some strange, mumbled words.
A puff of flame appears from out of thin air!
The puff of flame hits you.
You hear some strange, mumbled words.
Something tries to affect you, but you resist.
You see here a +0 club.
You hit something. Something hits you but does no damage.
You miss something. Something hits you. x2
You barely miss something. Something hits you but does no damage.
Your shield and scale mail prevent you from hitting something.
Something hits you. Something hits you but does no damage.
You miss something.
You hear some strange, mumbled words.
A magic dart appears from out of thin air!
The magic dart hits you.
* * * LOW HITPOINT WARNING * * *
You miss something. Something hits you.
* * * LOW HITPOINT WARNING * * *
Something hits you.
* * * LOW HITPOINT WARNING * * *
You miss something. Something hits you.
* * * LOW HITPOINT WARNING * * *
Something hits you but does no damage.
You hit something. Something hits you but does no damage.
You feel very mighty all of a sudden. Something hits you.
* * * LOW HITPOINT WARNING * * *
Unknown command.
You miss something. Something hits you.
* * * LOW HITPOINT WARNING * * *
You hear some strange, mumbled words.
A puff of flame appears from out of thin air!
The puff of flame hits you.
You die...

........#.##.# #.#
#..#.#.##.# #.#
####..#.#.##.# #.#
.o.o..#.#.##.#
#######.#
####.##.#.##.#
#.......#
#.##.#.##.#
#.#######
##......##.# #.#
###...#......####)#
.(............o{@.#
###...#############
#####


You could see an orc.

Vanquished Creatures
  A worm (D:2)
  A dart slug (D:2)
  8 orcs
  2 ball pythons
  2 endoplasms
  2 giant cockroaches (D:1)
  2 goblins (D:2)
  5 hobgoblins
  2 jackals (D:2)
  2 kobolds (D:1)
  A quokka (D:2)
  3 bats
  2 frilled lizards (D:1)
  A rat (D:2)
34 creatures vanquished.

Notes
Turn   | Place    | Note
-------+----------+-------------------------------------------
     0 | D:1      | tilp the Demigod Fighter began the quest for the Orb.
     0 | D:1      | Reached XP level 1. HP: 18/18 MP: 3/3
    45 | D:1      | You fall into a shaft and drop 1 floor!
   551 | D:1      | Reached XP level 2. HP: 19/25 MP: 4/4
  1310 | D:2      | Reached skill level 1 in Stealth
  1314 | D:2      | Reached XP level 3. HP: 23/31 MP: 5/5
  1934 | D:3      | Killed from afar by an orc wizard

Illustrated notes

Levels and vault maps discovered:
D:1:      dpeg_arrival_water_altar, layout_rooms,
          chequers_ecumenical_altar_simple, hangedman_decor_diamond_cutter
D:2:      layout_loops_ring
D:3:      layout_loops_ring, kennysheep_generic_room_14

Skill      XL: |  1  2 |
---------------+-------+-----
Maces & Flails | 2 |  2.7
Stealth        | 1 |  1.2
Fighting       | 3 |  3.0
Shields        | 3 |  3.0
Throwing       | |  0.1
Armour         | |  2.6
Dodging        | |  0.1

Action                   || total
-------------------------++-------
Melee: Flail             ||   106
  Use: Scroll            ||     2
       Potion            ||     1
Armor: Scale mail        ||    41
Dodge: Dodged            ||    23
Block: Kite shield       ||    51

Table legend: (Time is in decaauts)
 A = Elapsed time spent in this place.
 B = Non-inter-level travel time spent in this place.
 C = Inter-level travel time spent in this place.
 D = Time resting spent in this place.
 E = Time spent auto-exploring this place.
 F = Levels seen in this place.
 G = Mean time per level.
                   A        B        C        D        E       F      G
               +--------+--------+--------+--------+--------+-----+--------+
         Total |   1993 |   1894 |     99 |    288 |   1332 |   3 |  664.3 |
       Dungeon |   1993 |   1894 |     99 |    288 |   1332 |   3 |  664.3 |
               +--------+--------+--------+--------+--------+-----+--------+

Top non-repeatable levels by time:
     D:2: 1076 daAuts
     D:1: 816 daAuts
     D:3: 99 daAuts
